 Dungeon Crawl Stone Soup version 0.16-a0-51-g3cd7026 (webtiles) character file.

74 Qrupt the Ruffian (level 4, -9/37 (38) HPs)
             Began as a Ghoul Monk on Aug 6, 2014.
             Killed by divine providence
             ... invoked by an orc priest
              (15 damage)
             ... on Level 3 of the Dungeon.
             The game lasted 00:02:31 (1426 turns).

Qrupt the Ruffian (Ghoul Monk)                      Turns: 1426, Time: 00:02:32

HP  -9/37 (38)   AC  2     Str 14      XL: 4   Next: 28%
MP   3/3         EV 12     Int  5      God:
Gold 142         SH  0     Dex 12      Spells:  0 memorised,  3 levels left

rFire  . . .     SeeInvis .       - Unarmed
rCold  + . .     Clarity  .     a - +0 robe
rNeg   + + +     rCorr    .     (no shield)
rPois  +         rRot     +     (no helmet)
rElec  .         Spirit   .     (no cloak)
SustAb .         Warding  .     (no gloves)
rMut   .         Stasis   .     (no boots)
Saprov + + +                    (no amulet)
MR     .....                    (no ring)
                                (no ring)

@: rotting, not resistant to hostile enchantments, unstealthy
A: rotting body, claws 1, carnivore 3, cold resistance 1, negative energy
resistance 3, poison resistance, saprovore 3, slow healing 1, torment
resistance, unbreathing
a: no special abilities


You were on level 3 of the Dungeon.
You were not hungry.

You visited 1 branch of the dungeon, and saw 3 of its levels.

You collected 142 gold pieces.

Inventory:

Armour
 a - a +0 robe (worn)
Comestibles
 g - 2 meat rations
 h - a slice of pizza
Scrolls
 b - 5 scrolls of teleportation {unknown}
 c - a scroll of magic mapping {unknown}
 d - 3 scrolls of recharging {unknown}
 f - 2 scrolls of remove curse {unknown}
 o - a scroll of noise {unknown}
Jewellery
 e - a cursed amulet of inaccuracy {unknown}
 k - a cursed amulet of inaccuracy {unknown}
Potions
 i - a potion of cure mutation {unknown}
 j - a potion of might {unknown}
 m - a potion of curing {unknown}


   Skills:
 - Level 3.2 Fighting
 - Level 2.6 Dodging
 - Level 2.1 Stealth
 + Level 6.2 Unarmed Combat


You had 3 spell levels left.
You didn't know any spells.

Dungeon Overview and Level Annotations

Branches:
Dungeon (3/15)

Altars:
Cheibriados
Qazlal


Innate Abilities, Weirdness & Mutations

Your body is rotting away.
You have sharp fingernails.
You are carnivorous and can eat meat at any time.
Your flesh is cold resistant.
You are immune to negative energy.
Your system is resistant to poisons.
You thrive on rotten meat.
You heal slowly when monsters are visible.
You are immune to unholy pain and torment.
You can survive without breathing.


Message History

Something smites you!
* * * LOW HITPOINT WARNING * * *
You are too injured to fight recklessly!
You are too injured to fight recklessly!
You are too injured to fight recklessly!
You are too injured to fight recklessly!
You are too injured to fight recklessly!
You closely miss the orc priest.
The orc priest is almost dead.
The goblin hits you.
* * * LOW HITPOINT WARNING * * *
The orc priest mumbles some strange prayers to Beogh against you.
You are unaffected.
You closely miss the orc priest.
The orc priest is almost dead.
The goblin hits you.
* * * LOW HITPOINT WARNING * * *
The orc priest invokes the aid of Beogh against you.
Something smites you!
You die...

#.# # #.# #
#.#.### #.
#..<).# #.
#####.## #..
...#..#
#####.#####.##.#
.......o...#..#.#
#.g@..#....#
........#.....###
######.#.##.##
#.#....# #.######
#. #. #. .


You could see an orc priest (bleeding) and a goblin.

Vanquished Creatures
  2 adders (D:2)
  An inept item mimic (D:2)
  A worm (D:2)
  2 oozes (D:1)
  4 orcs
  4 goblins
  6 hobgoblins
  4 jackals (D:1)
  A quokka (D:2)
  3 bats
  A giant newt (D:1)
  3 kobolds
  3 rats (D:2)
35 creatures vanquished.

Notes
Turn   | Place    | Note
--------------------------------------------------------------
     0 | D:1      | Qrupt, the Ghoul Monk, began the quest for the Orb.
     0 | D:1      | Reached XP level 1. HP: 19/19 MP: 1/1
    95 | D:1      | Reached XP level 2. HP: 26/26 MP: 2/2
   131 | D:1      | Reached skill level 5 in Unarmed Combat
   595 | D:2      | Reached XP level 3. HP: 23/31 MP: 3/3
   621 | D:2      | Found a stormy altar of Qazlal.
   708 | D:2      | Found a snail-covered altar of Cheibriados.
  1025 | D:2      | Reached skill level 6 in Unarmed Combat
  1025 | D:2      | Reached XP level 4. HP: 30/38 MP: 3/3
  1426 | D:3      | Killed from afar by an orc priest

Action                   |  1- 3 |  4- 6 || total
-------------------------+-------+-------++-------
Melee: Unarmed           |    57 |    34 ||    91
 Stab: Sleeping          |     2 |       ||     2
  Eat: Chunk             |     1 |     1 ||     2
